 Dungeon Crawl Stone Soup version 0.27.0-1-g7a089689b8 (webtiles) character file.

Game seed: 8051858536840459791

59 theswoord the Twirler (level 3, 0/27 HPs)
             Began as a Demonspawn Gladiator on Aug 5, 2021.
             Succumbed to an adder's poison
             ... on level 2 of the Dungeon.
             The game lasted 00:01:24 (832 turns).

theswoord the Twirler (Demonspawn Gladiator)         Turns: 832, Time: 00:01:25

Health: 0/27       AC: 12    Str: 15    XL:     3   Next: 78%
Magic:  3/3        EV:  7    Int:  9    God:
Gold:   26         SH:  0    Dex: 14    Spells: 2/2 levels left

rFire    . . .     SeeInvis .   a - +0 quarterstaff
rCold    . . .     Faith    .   (shield currently unavailable)
rNeg     . . .     Spirit   .   l - +0 chain mail
rPois    .         Reflect  .   c - +0 helmet
rElec    .         Harm     .   f - +2 cloak
rCorr    .         Rampage  .   (no gloves)
Will     .....                  (no boots)
Stlth    ..........             (no amulet)
HPRegen  0.09/turn              (no ring)
MPRegen  0.16/turn              (no ring)

@: lethally poisoned (0 -> -4), flying
A: claws 1, magic regeneration
a: no special abilities


You were on level 2 of the Dungeon.
You visited 1 branch of the dungeon, and saw 2 of its levels.

You collected 26 gold pieces.

Inventory:

Hand Weapons
 a - a +0 quarterstaff (weapon)
Missiles
 d - 3 throwing nets (quivered)
Armour
 b - a +0 leather armour
 c - a +0 helmet (worn)
 f - a +2 cloak (worn)
 g - a +0 ring mail of willpower
 h - a +0 scale mail
 l - a +0 chain mail (worn)
Scrolls
 i - a scroll of teleportation {unknown}
 j - a scroll of blinking {unknown}
 k - a scroll of amnesia {unknown}


   Skills:
 - Level 2.0 Fighting
 + Level 4.3 Staves
 - Level 1.7 Throwing
 - Level 2.6 Dodging


You had 2 spell levels left.
You didn't know any spells.
Your spell library was empty.

Dungeon Overview and Level Annotations

Branches:
Dungeon (2/15)

Altars:


Innate Abilities, Weirdness & Mutations

You have sharp fingernails.
You regenerate magic rapidly.


Message History

The hobgoblin hits you but does no damage.
You hit the hobgoblin.
The hobgoblin is almost dead.
The hobgoblin hits you but does no damage.
You sock the hobgoblin!
You kill the hobgoblin!
The adder barely misses you.
You hit the adder.
The adder is moderately wounded.
The adder bites you.
* * * LOW HITPOINT WARNING * * *
You closely miss the adder.
The adder is moderately wounded.
The adder bites you but does no damage. The adder bites you.
* * * LOW HITPOINT WARNING * * *
You miss the adder.
The adder is moderately wounded.
The adder bites you but does no damage.
You closely miss the adder.
The adder is moderately wounded.
The adder bites you but does no damage.
You closely miss the adder.
The adder is moderately wounded.
The adder bites you but does no damage. x2
You miss the adder.
The adder is moderately wounded.
The adder bites you but does no damage.
You completely miss the adder.
The adder is moderately wounded.
The adder barely misses you. The adder bites you.
* * * LOW HITPOINT WARNING * * *
You are lethally poisoned!
The adder poisons you!
You barely miss the adder.
The adder is lightly wounded.
* * * LOW HITPOINT WARNING * * *
You feel sick. The adder closely misses you.
You sock the adder!
You kill the adder!
You die...

#.# #.#>. .. #.# #.####
#.. ###.## #.# #.# #
.....# #.# #.# .#
.....####.######.# # ..#
####.#.........#.#.#...#
##.#.........#.#.....#
#............'........
#.........>..#@#.#...
#............#†#
####.........#S#
#.........#.#
#.........#.#
#.........#..
########.##.# #.#


You could see an adder.

Vanquished Creatures
  A hound (D:2)
  2 adders (D:2)
  An endoplasm (D:1)
  5 hobgoblins
  3 jackals (D:2)
  A ball python (D:1)
  2 bats (D:1)
  3 frilled lizards (D:1)
  A goblin (D:1)
  2 kobolds (D:1)
  2 rats
23 creatures vanquished.

Notes
Turn   | Place    | Note
-------+----------+-------------------------------------------
     0 | D:1      | theswoord the Demonspawn Gladiator began the quest for the
                  | Orb.
     0 | D:1      | Reached XP level 1. HP: 16/16 MP: 1/1
   138 | D:1      | Reached skill level 3 in Staves
   226 | D:1      | Gained mutation: You have sharp fingernails. [demonic
                  | ancestry]
   226 | D:1      | Reached XP level 2. HP: 19/22 MP: 2/2
   820 | D:2      | Reached skill level 4 in Staves
   820 | D:2      | Gained mutation: You regenerate magic rapidly. [demonic
                  | ancestry]
   820 | D:2      | Reached XP level 3. HP: 10/27 MP: 3/3
   831 | D:2      | HP: 1/27 [poisoned by an adder]
   832 | D:2      | Succumbed to an adder's poison

Skill      XL: |  1  2 |
---------------+-------+-----
Staves         | 3 4 |  4.3
Fighting       | |  2.0
Throwing       | |  1.7
Dodging        | |  2.6

Action                   || total
-------------------------++-------
Melee: Quarterstaff      ||    82
  Use: Potion            ||     1
Armor: Leather armour    ||     3
       Scale mail        ||    21
       Chain mail        ||    35
       Skin              ||     5
Dodge: Dodged            ||    43

Levels and vault maps discovered:
D:1:      nicolae_arrival_memento_mori, layout_loops_ring
D:2:      layout_basic, hellmonk_ecumenical_altar_inner_sanctum,
          minmay_pentomino_t2, uniq_robin
